 Dungeon Crawl Stone Soup version 0.23.2-1-ga50397a6bc (webtiles) character file.

Game seed: 6067794258946972185

8544 melf the Cleaver (level 11, -7/142 HPs)
             Began as a Minotaur Berserker on Apr 11, 2019.
             Was an Elder of Trog.
             Shot with a bolt by an orc warrior (10 damage)
             ... on level 2 of the Orcish Mines on Apr 15, 2019.
             The game lasted 03:44:56 (10439 turns).

melf the Cleaver (Minotaur Berserker)              Turns: 10439, Time: 03:44:56

Health: -7/142     AC: 18    Str: 30    XL:     11   Next: 11%
Magic:  11/11      EV: 10    Int:  4    God:    Trog [****..]
Gold:   783        SH:  0    Dex: 12    Spells: 10/10 levels left

rFire    + . .     SeeInvis +   I - +8 war axe of Blood {holy, Dex+2 SInv}
rCold    . . .     Gourm    .   (no shield)
rNeg     . . .     Faith    .   d - +0 plate armour
rPois    .         Spirit   .   (helmet restricted)
rElec    .         Reflect  .   (no cloak)
rCorr    .         Harm     .   (no gloves)
MR       .....                  (no boots)
Stlth    ..........             a - amulet of magic regeneration
HPRegen  0.33/turn              x - ring of protection from fire
MPRegen  0.37/turn              C - +4 ring of protection

@: berserking, very quick
A: retaliatory headbutt, horns 2
a: Berserk, Trog's Hand, Brothers in Arms, Renounce Religion


You were on level 2 of the Orcish Mines.
You worshipped Trog.
Trog was greatly pleased with you.
You were very hungry.

You visited 3 branches of the dungeon, and saw 12 of its levels.

You collected 783 gold pieces.

Inventory:

Hand Weapons
 p - a +0 blowgun
 r - a +3 rapier of chaos
 t - a +0 arbalest
 u - a +0 hunting sling
 v - a +2 hand axe of freezing
 E - a +0 shortbow
 G - a +0 bardiche
 I - the +8 war axe of Blood (weapon) {holy, Dex+2 SInv}
   (You found it on level 4 of the Dungeon)

   It has been blessed by the Shining One to cause great damage to the undead
   and demons.
   It affects your dexterity (+2).
   It lets you see invisible.
 Y - a +0 halberd
 Z - a +3 long sword of freezing
Missiles
 g - 65 sling bullets
 l - 45 poisoned needles
 F - 6 tomahawks (quivered)
 M - 110 arrows
 N - 14 bolts
Armour
 d - a +0 plate armour (worn)
 H - a +1 plate armour of poison resistance
 P - a +0 chain mail
Magical Staves
 W - an uncursed staff of cold {unknown}
Jewellery
 a - an amulet of magic regeneration (around neck)
 x - a ring of protection from fire (left hand)
 C - a +4 ring of protection (right hand)
Wands
 b - a wand of disintegration (15)
 e - a wand of acid (6)
 s - a wand of flame (7)
 w - a wand of enslavement (7)
 z - a wand of clouds (3)
Scrolls
 i - 5 scrolls of remove curse
 j - a scroll of identify
 m - a scroll of enchant armour {unknown}
 n - 4 scrolls of enchant weapon
 q - 3 scrolls of immolation
 y - 2 scrolls of teleportation
 K - 4 scrolls of blinking
 Q - a scroll of fear
 R - a scroll of amnesia {unknown}
 X - a scroll of magic mapping {unknown}
Potions
 f - 2 potions of agility
 h - 3 potions of lignification
 o - 2 potions of haste
 A - a potion of flight {unknown}
 B - a potion of resistance {unknown}
 D - 2 potions of degeneration
 L - a potion of curing
 S - a potion of ambrosia {unknown}
 U - a potion of brilliance {unknown}
Comestibles
 c - 13 rations
 k - 14 chunks of flesh


   Skills:
 + Level 8.5 Fighting
 + Level 10.5(11.5) Axes
   Level 7.8(10.3) Maces & Flails
 + Level 4.8(6.0) Slings
 + Level 3.1 Crossbows
 + Level 5.0(5.8) Throwing
 + Level 9.9 Armour
 + Level 4.4 Dodging
 + Level 2.0 Stealth
 + Level 1.3 Evocations


You had 10 spell levels left.
You didn't know any spells.
Your spell library contained the following spells:

 Spells                   Type           Power        Failure   Level  Hunger
 Corona                   Hex            #......      99%         1    ##.....
 Ensorcelled Hibernation  Hex/Ice        #.....       99%         2    ###....
 Confuse                  Hex            #.......     100%        3    ####...
 Dazzling Spray           Conj/Hex       #.....       100%        3    ####...
 Tukima's Dance           Hex            #.......     100%        3    ####...


Dungeon Overview and Level Annotations

Branches:
Dungeon (9/15)             Temple (1/1) D:4             Orc (1/2) D:9
   Lair: D:8-11

Altars:
Ashenzari
Cheibriados
Dithmenos
Elyvilon
Fedhas
Gozag
Hepliaklqana
Kikubaaqudgha
Makhleb
Nemelex Xobeh
Okawaru
Qazlal
Sif Muna
Trog
Uskayaw
Vehumet
Wu Jian
Xom
Yredelemnul
Zin
The Shining One
Beogh

Shops:
D:6 %   D:7 :   D:8 [

Annotations:
D:3 3 runed translucent doors, Menchi's ghost, amateur KoAs
D:9 2 transporters


Innate Abilities, Weirdness & Mutations

You reflexively headbutt those who attack you in melee.
You have a pair of horns on your head.


Message History

The bolt hits you!
* * * LOW HITPOINT WARNING * * *
Things that are here:
a bolt; 3 arrows
Okay, then.
Okay, then.
As you read the scroll of fog, it crumbles to dust.
The scroll dissolves into smoke.
Your surroundings suddenly seem different.
An orc comes into view. It is wielding a +0 hand axe.
The orc shouts!
You hear a shout!
The orc unwields a +0 hand axe.
The orc wields a +0 arbalest.
The orc shoots a bolt.
The bolt barely misses you.
An orc comes into view. It is wielding a +0 mace.
Found a bolt.
A red film seems to cover your vision as you go berserk!
You feel yourself moving faster!
You feel mighty!
You are feeling very hungry.
The orc warrior shoots a bolt.
The bolt hits you!
You die...

##§(.##..##
#≈≈((........ #^.#
#≈≈≈......... #..#
##≈≈≈≈...........#
###≈≈≈≈......#..#
#≈≈≈≈.....#..#
oo.o........#
o.o......# #@.#
#..# ...# .#..#
.##..# .# ...# ..
..## .. .##


You could see an orc warrior and 2 orcs.

Vanquished Creatures
  A dancing weapon (D:8)
  The ghost of stultus the Cudgeler, a novice TrBe of Trog (D:8)
  An unseen horror (D:8)
  An orc knight (Orc:1)
  A troll (D:9)
  A hippogriff (D:7)
  Grinder (D:3)
  2 wargs (Orc:1)
  A water moccasin (D:8)
  3 phantoms
  7 orc warriors
  A sky beast (D:7)
  3 ice beasts
  4 ogres
  A necrophage (D:6)
  4 centaurs
  A crocodile (D:7)
  A big kobold (D:7)
  A bullfrog (D:7)
  3 scorpions
  6 killer bees
  3 wights (D:6)
  4 crimson imps
  A howler monkey (D:5)
  A bullfrog zombie (D:9)
  2 centaur zombies
  6 hounds
  11 orc wizards
  7 orc priests
  3 jellies
  Jessica (D:3)
  2 iguanas (D:7)
  Terence (D:3)
  4 worker ants
  3 hound skeletons
  A worker ant zombie (D:5)
  Robin (D:2)
  3 gnolls (D:6)
  9 adders
  2 shadow imps
  An ooze (D:2)
  An adder skeleton (D:6)
  7 worms
  5 dart slugs
  3 leopard geckos
  37 orcs
  10 bats
  6 giant cockroaches
  11 goblins
  15 hobgoblins
  7 jackals
  16 kobolds
  9 quokkas
  A ball python (D:2)
  2 frilled lizards
  A leopard gecko zombie (D:5)
  A quokka skeleton (D:4)
  9 rats
252 creatures vanquished.

Vanquished Creatures (collateral kills)
  Harold (Orc:1)
  An orc high priest (Orc:1)
  A centaur (D:9)
  5 killer bees (D:9)
  4 wights (D:7)
  An orc (Orc:1)
13 creatures vanquished.

Grand Total: 265 creatures vanquished

Notes
Turn   | Place    | Note
-------+----------+-------------------------------------------
     0 | D:1      | melf the Minotaur Berserker began the quest for the Orb.
     0 | D:1      | Reached XP level 1. HP: 19/19 MP: 0/0
   226 | D:1      | Reached XP level 2. HP: 21/27 MP: 1/1
  1108 | D:2      | Reached XP level 3. HP: 32/33 MP: 2/2
  1146 | D:2      | Upgraded the game from 0.23.2 to 0.23.2-1-ga50397a6bc
  1168 | D:2      | Reached ** piety under Trog
  1190 | D:2      | Noticed Robin
  1209 | D:2      | Killed Robin
  1253 | D:2      | Found a shimmering altar of Xom.
  1334 | D:2      | Reached XP level 4. HP: 34/41 MP: 3/3
  1379 | D:2      | Reached skill level 5 in Maces & Flails
  1894 | D:2      | Found a sparkling altar of Nemelex Xobeh.
  2281 | D:3      | Reached XP level 5. HP: 47/47 MP: 4/4
  2312 | D:3      | Found a bloodstained altar of Trog.
  2356 | D:3      | Noticed Jessica
  2359 | D:3      | Killed Jessica
  2485 | D:3      | Noticed Terence
  2489 | D:3      | Killed Terence
  2489 | D:3      | Reached *** piety under Trog
  2705 | D:3      | Reached skill level 5 in Fighting
  2828 | D:3      | Noticed Grinder
  2837 | D:3      | Killed Grinder
  2837 | D:3      | Reached XP level 6. HP: 51/56 MP: 5/5
  3293 | D:3      | Found a runed translucent gate.
  3293 | D:3      | Found a runed translucent gate.
  3293 | D:3      | Found an opulent altar of Gozag.
  3293 | D:3      | Found a runed translucent gate.
  3293 | D:3      | Noticed Menchi's ghost (amateur KoAs)
  3352 | D:4      | Found a staircase to the Ecumenical Temple.
  3445 | Temple   | Entered the Ecumenical Temple
  3798 | D:4      | Noticed an orc warrior
  3820 | D:4      | Killed an orc warrior
  3820 | D:4      | Reached XP level 7. HP: 46/61 MP: 6/6
  4092 | D:4      | Reached skill level 1 in Stealth
  4098 | D:4      | Got a smoking war axe
  4100 | D:4      | Identified the +8 war axe of Blood {holy, Dex+2 SInv} (You
                  | found it on level 4 of the Dungeon)
  4135 | D:4      | Reached skill level 5 in Armour
  4256 | D:4      | Found a burning altar of Makhleb.
  4448 | D:4      | Reached skill level 1 in Axes
  4448 | D:4      | Reached skill level 1 in Throwing
  4554 | D:5      | Entered Level 5 of the Dungeon
  4691 | D:5      | Reached XP level 8. HP: 69/70 MP: 7/7
  4799 | D:5      | Reached skill level 2 in Axes
  4910 | D:5      | Reached **** piety under Trog
  5129 | D:5      | Reached skill level 3 in Axes
  5312 | D:6      | Reached skill level 4 in Axes
  5451 | D:6      | Received a gift from Trog
  5467 | D:6      | Reached skill level 5 in Axes
  5640 | D:6      | Found an opulent altar of Gozag.
  5699 | D:6      | Found Opnainis's Food Emporium.
  5798 | D:6      | Reached skill level 1 in Slings
  6276 | D:7      | Reached skill level 6 in Axes
  6303 | D:7      | Reached XP level 9. HP: 68/77 MP: 8/8
  6474 | D:7      | Found a basalt altar of Yredelemnul.
  6577 | D:7      | Found a bloodstained altar of Trog.
  6731 | D:7      | Reached skill level 7 in Axes
  6861 | D:7      | Found Camnu's Book Shop.
  7274 | D:8      | Reached skill level 8 in Axes
  7276 | D:8      | Received a gift from Trog
  7686 | D:8      | Found Akoc's Antique Armour Shoppe.
  7706 | D:8      | Noticed an unseen horror
  7716 | D:8      | Killed an unseen horror
  7716 | D:8      | Reached skill level 9 in Axes
  7716 | D:8      | Reached XP level 10. HP: 86/86 MP: 9/9
  7944 | D:8      | Found a runed translucent door.
  7944 | D:8      | Found a shimmering altar of Xom.
  7944 | D:8      | Noticed stultus's ghost (novice TrBe)
  7944 | D:8      | Noticed a +3 rapier of chaos
  7961 | D:8      | Killed a +3 rapier of chaos
  7967 | D:8      | Killed stultus's ghost
  8382 | D:9      | Reached skill level 10 in Axes
  8418 | D:9      | Found a transporter.
  8423 | D:9      | Found a transporter.
  8821 | D:9      | Found a staircase to the Orcish Mines.
  8830 | D:9      | Reached skill level 1 in Crossbows
  8844 | D:9      | Found a roughly hewn altar of Beogh.
  8873 | Orc:1    | Entered Level 1 of the Orcish Mines
  8873 | Orc:1    | Noticed an orc knight
  8876 | Orc:1    | Noticed an orc high priest
  9455 | Orc:1    | Noticed a soul eater
  9464 | Orc:1    | Reached skill level 1 in Evocations
  9468 | Orc:1    | Killed an orc high priest
  9713 | D:9      | Received a gift from Trog
  9782 | Orc:1    | Killed an orc knight
  9782 | Orc:1    | Reached XP level 11. HP: 54/95 MP: 10/10
 10393 | Orc:1    | Noticed Harold
 10400 | Orc:1    | Killed Harold
 10400 | Orc:1    | Reached skill level 5 in Throwing
 10415 | Orc:1    | You fall through a shaft!
 10415 | Orc:2    | Entered Level 2 of the Orcish Mines
 10417 | Orc:2    | Noticed a centaur warrior
 10437 | Orc:2    | HP: 1/95 [orc warrior/bolt (11)]
 10439 | Orc:2    | Shot with a bolt by an orc warrior

Skill      XL: |  1  2  3  4  5  6  7  8  9 10 11 |
---------------+----------------------------------+-----
Maces & Flails | 4 5 6 7 |  7.8
Fighting       | 4 5 6 7 8 |  8.5
Armour         | 3 4 5 6 8 9 |  9.9
Dodging        | 3 4 |  4.4
Stealth        | 1 2 |  2.0
Axes           | 1 6 9 10 | 10.5
Throwing       | 1 2 3 4 5 |  5.0
Slings         | 3 4 |  4.8
Crossbows      | 3 |  3.1
Evocations     | 1 |  1.3

Action                   |  1- 3 |  4- 6 |  7- 9 | 10-12 || total
-------------------------+-------+-------+-------+-------++-------
Melee: Mace              |    61 |   173 |     5 |       ||   239
       Headbutt          |    10 |    19 |    25 |    12 ||    66
       War axe           |       |       |   179 |    64 ||   243
       Hand axe          |       |       |     9 |       ||     9
 Fire: Hunting sling     |       |       |    28 |       ||    28
       Blowgun           |       |       |     9 |       ||     9
       Arbalest          |       |       |       |    29 ||    29
Throw: Stone             |       |     4 |       |       ||     4
       Tomahawk          |       |     3 |    53 |    32 ||    88
Invok: Berserk           |     2 |     5 |     5 |     5 ||    17
       Trog's Hand       |     1 |     2 |       |     2 ||     5
       Brothers in Arms  |       |       |     1 |     4 ||     5
Evoke: Wand              |       |       |       |    11 ||    11
  Use: Scroll            |     2 |     4 |     7 |     4 ||    17
       Potion            |       |     1 |     2 |     5 ||     8
  Eat: Chunk             |     1 |    10 |    12 |     8 ||    31
       Ration            |     1 |     1 |     1 |     2 ||     5
Armor: Animal skin       |     3 |       |       |       ||     3
       Scale mail        |    14 |    68 |       |       ||    82
       Chain mail        |       |       |   104 |    29 ||   133
       Plate armour      |       |       |       |    27 ||    27
Dodge: Dodged            |    30 |    90 |   111 |    75 ||   306
